General information
- name: grudge01
- type: Ladder 1vs1/FFA
- host: evil_pengoon
- saver: BEAR_AND
map: FrostedMeadows
- players: 8
- length: 13:46
- speed: Fast
- version: 1.21 W3XP
- replay type:

» download(87 KB)
Players
team 1 (winner)
WWGT]Mongrethod (
red | 99 APM | 1366 actions | 13:45)
5 Pit Lord
2 Howl of Terror
3 Cleaving Attack
4 Archmage
2 Blizzard
2 Brilliance Aura
» actions
| Assign group hotkey | 45 | |
| Basic commands | 184 | |
| Build / train | 65 | |
| Enter build submenu | 26 | |
| Enter hero's abilities submenu | 10 | |
| Remove unit from queue | 1 | |
| Right click | 296 | |
| Select / deselect | 194 | |
| Select group hotkey | 472 | |
| Use ability | 73 | |
1366 total
» units
| Peasant | 16 | |
| Footman | 7 | |
| Priest | 4 | |
| Spell Breaker | 5 | |
| Sorceress | 2 | |
| Mud Golem | 1 | |
| Mortar Team | 1 | |
36 total
» upgrades
| Defend | 1 | |
| Priest Training | 1 | |
| Magic Sentry | 1 | |
| Swords | 1 | |
| Gunpowder | 2 | |
| Masonry | 1 | |
| Lumber Harvesting | 1 | |
| Flare | 1 | |
9 total
» buildings
| Barracks | 1 | |
| Farm | 9 | |
| Altar of Kings | 1 | |
| Scout Tower | 5 | |
| Keep | 1 | |
| Arcane Vault | 1 | |
| Blacksmith | 1 | |
| Arcane Tower | 3 | |
| Arcane Sanctum | 2 | |
| Town Hall | 1 | |
| Lumber Mill | 1 | |
| Workshop | 2 | |
| Castle | 1 | |
29 total
» build order
00:08 Barracks
00:11 Farm
00:22 Farm
00:29 Altar of Kings
01:41 Farm
02:22 Farm
02:25 Scout Tower
03:34 Keep
03:49 Arcane Vault
04:29 Blacksmith
04:32 Farm
04:32 Farm
04:40 Arcane Tower
06:06 Arcane Sanctum
06:59 Town Hall
07:03 Scout Tower
07:04 Scout Tower
07:06 Scout Tower
07:08 Scout Tower
07:32 Arcane Tower
08:29 Arcane Tower
09:06 Arcane Sanctum
09:44 Farm
09:46 Lumber Mill
11:38 Workshop
12:02 Castle
12:14 Farm
12:15 Farm
12:33 Workshop
» items
| Scroll of Regeneration | 2 | |
| Potion of Lesser Invulnerability | 1 | |
3 total
team 2 (loser)
WWGT]BaronMorte (
green | 117 APM | 1616 actions | 13:45)
4 Dark Ranger
2 Black Arrow
2 Life Drain
3 Naga Sea Witch
1 Forked Lightning
2 Frost Arrows
1 Priestess of the Moon
1 Trueshot Aura
» actions
| Assign group hotkey | 57 | |
| Basic commands | 8 | |
| Build / train | 50 | |
| ESC pressed | 1 | |
| Enter build submenu | 14 | |
| Enter hero's abilities submenu | 8 | |
| Give item / drop item | 2 | |
| Right click | 780 | |
| Select / deselect | 258 | |
| Select group hotkey | 401 | |
| Use ability | 37 | |
1616 total
» units
| Wisp | 13 | |
| Archer | 6 | |
| Druid of the Claw | 5 | |
| Dryad | 3 | |
27 total
» upgrades
| Ultravision | 1 | |
| Druid of the Claw Training | 2 | |
| Abolish Magic | 1 | |
| Mark of the Claw | 1 | |
5 total
» buildings
| Moon Well | 5 | |
| Altar of Elders | 1 | |
| Ancient of War | 2 | |
| Tree of Ages | 1 | |
| Hunter's Hall | 1 | |
| Ancient of Lore | 2 | |
| Tree of Eternity | 2 | |
| Ancient of Wonders | 1 | |
| Tree of Life | 1 | |
16 total
» build order
00:17 Moon Well
00:22 Altar of Elders
00:31 Ancient of War
01:03 Moon Well
02:26 Ancient of War
03:33 Tree of Ages
04:37 Hunter's Hall
04:40 Moon Well
04:41 Moon Well
06:04 Ancient of Lore
06:22 Ancient of Lore
07:29 Tree of Eternity
07:29 Tree of Eternity
08:50 Ancient of Wonders
11:10 Moon Well
11:25 Tree of Life
» items
| Boots of Speed | 2 | |
| Potion of Lesser Invulnerability | 1 | |
3 total
observersevil_pengoon,
dirtmcwordup,
iggy_the_fisk,
VELOX_NEB,
BEAR_AND,
Chopstix Chat log
(00:17 / Observers) VELOX_NEB: go mongrethod! go!
(00:31 / Observers) VELOX_NEB: chop we'll at after this
(00:32 / Observers) Chopstix: missed what happened
(00:33 / Observers) VELOX_NEB: for sure
(00:36 / Observers) Chopstix: this the tourny?
(00:39 / Observers) BEAR_AND: yes
(00:39 / Observers) VELOX_NEB: yeah
(00:42 / All) WWGT]Mongrethod: so for dinner I had doritos
(00:46 / All) WWGT]BaronMorte: Were they good
(00:52 / All) WWGT]BaronMorte: I'd think that'd make you sick
(00:54 / All) WWGT]Mongrethod: cuz I didnt leave work till about 8:30 fuckin p in the m
(00:55 / Observers) VELOX_NEB: a fitting meal for a pitlord
(01:10 / All) WWGT]Mongrethod: yea was gonna eat oreos after for desert
(01:15 / All) WWGT]Mongrethod: but got stuck in this
(01:28 / All) WWGT]BaronMorte: ah ic
(01:32 / Observers) Chopstix: and we dont know who is who right
(01:34 / Observers) BEAR_AND: correct
(01:35 / Observers) BEAR_AND: all anon
(01:39 / Observers) VELOX_NEB: supposedly
(01:40 / Observers) BEAR_AND: feel free to discuss who it is though
(01:44 / Observers) VELOX_NEB: doritos for dinner
(01:46 / Observers) dirtmcwordup: baron morte is dexanth
(01:47 / Observers) Chopstix: i think it is jM!
(01:49 / Observers) VELOX_NEB: could be any goon at all
(01:52 / Observers) dirtmcwordup: other guy i was thinkig is john matheson
(01:54 / Observers) Chopstix: thats not obs
(01:57 / Observers) dirtmcwordup: or maybe dmg but now i know its not dmg
(01:58 / Observers) VELOX_NEB: no jm logged
(02:01 / Observers) VELOX_NEB: well
(02:04 / Observers) Chopstix: derh
(02:07 / Observers) VELOX_NEB: that doesn't mean anything does it
(02:07 / Observers) Chopstix: maybe jm logged off
(02:09 / Observers) Chopstix: and logged on
(02:11 / Observers) Chopstix: yea
(02:12 / Observers) dirtmcwordup: dexanth is baronmorte
(02:19 / Observers) dirtmcwordup: 100% sure
(02:21 / Observers) VELOX_NEB: so much for the anonymity
(02:23 / Observers) Chopstix: is this a goon map
(02:42 / Observers) VELOX_NEB: lol
(02:48 / Observers) VELOX_NEB: mongrethod took gogonnash
(02:50 / Observers) Chopstix: gogonnash more like goongonash
(03:01 / Observers) VELOX_NEB: i love fantasy demon names
(03:53 / Observers) Chopstix: gg?
(03:58 / Observers) VELOX_NEB: no
(04:03 / Observers) Chopstix: i vote y
(04:03 / Observers) VELOX_NEB: he'll get a foot eventually
(04:15 / Observers) VELOX_NEB: if he's smart
(04:25 / Observers) Chopstix: oh
(06:00 / Observers) VELOX_NEB: wow gogonnash is a monster creeper
(06:06 / Observers) Chopstix: pit lord with boots is scary
(06:12 / Observers) Chopstix: makes boom boom sound a lot
(06:16 / Observers) Chopstix: scary!!!
(06:25 / Observers) VELOX_NEB: shows no mercy to the seal
(06:39 / Observers) Chopstix: it hides an human skeleton inside
(06:52 / Observers) Chopstix: haha bone chimes
(07:13 / Observers) BEAR_AND: they should drop their aura items in mid
(07:15 / Observers) BEAR_AND: & switch
(07:29 / Observers) VELOX_NEB: maybe they'll negotiate that in the course of the game
(07:31 / Observers) dirtmcwordup: secret skull in water
(07:34 / Observers) VELOX_NEB: that would be cool
(07:37 / Observers) Chopstix: scull?
(07:38 / Observers) Chopstix: skull?
(07:39 / Observers) Chopstix: where?
(07:46 / Observers) VELOX_NEB: where's santa?
(07:49 / Observers) VELOX_NEB: or frosty?
(07:51 / Observers) Chopstix: ownt
(07:51 / Observers) Chopstix: gg
(08:25 / Observers) Chopstix: he get the splash attack?
(08:28 / Observers) Chopstix: for pit lord
(08:29 / Observers) BEAR_AND: yes
(08:31 / Observers) VELOX_NEB: yep
(08:33 / Observers) BEAR_AND: that's the green juice on his sword
(08:36 / Observers) VELOX_NEB: that's the green glowy
(09:01 / Observers) VELOX_NEB: hit now goonogash
(09:08 / Observers) Chopstix: i want to see doom
(09:23 / Observers) Chopstix: exp for minion kills?
(09:36 / Observers) VELOX_NEB: it's a summons technically
(09:40 / Observers) VELOX_NEB: and can be dispelled
(10:46 / Observers) Chopstix: slowem
(11:25 / Observers) Chopstix: scanned
(11:55 / Observers) Chopstix: oh nice
(12:00 / Observers) Chopstix: amulet spell shield
(12:08 / Observers) BEAR_AND: wow it block a silence...
(12:21 / Observers) VELOX_NEB: yep
(12:24 / Observers) VELOX_NEB: o wait
(12:32 / Observers) VELOX_NEB: would it block frost arrow?
(12:32 / Observers) Chopstix: oh
(12:34 / Observers) BEAR_AND: no
(12:38 / Observers) BEAR_AND: that would suck
(13:05 / Observers) Chopstix: take over skelets?
(13:13 / Observers) VELOX_NEB: no autodispel on howl huh
(13:22 / Observers) VELOX_NEB: gg
(13:35 / Observers) evil_pengoon: all goon replays available @ highper.ch
(13:39 / Observers) evil_pengoon: thx 4 watching
(13:45 / Observers) Chopstix: Tie